[Event "Prime Bank FIDE Rating"]
[Site "Dhaka, Bangladesh"]
[Date "2010.12.19"]
[Round "2"]
[White "Khondakar Nazre Mowla"]
[Black "Ikramul Haque Siam"]
[Result "1-0"]
[WhiteElo "1869"]
[BlackElo "2038"]
[ECO "B34"]
[TimeControl "5400+30"]

1. e4 c5 2. Nf3 Nc6 3. d4 cxd4 4. Nxd4 g6 5. Nc3 Bg7 6. Be3 Nf6 7. f3 O-O 8. 
Qd2 d5 9. Nxc6 bxc6 10. O-O-O Qc7 11. Bh6 Be6 12. Bxg7 Kxg7 13. exd5 Rfd8 14. 
Bc4 cxd5 15. Bb3 Rab8 16. Qd4 a5 17. a3 h5 18. Rhg1 Qxh2 19. g3 Bf5 20. Rd2 
e5 21. Qc5 Rbc8 22. Qa7 Rd7 23. Rxh2 Rxa7 24. Nxd5 a4 25. Nxf6 axb3 26. Ne4 
Rc4 27. Re1 Raa4 28. Rhe2 Bxe4 29. fxe4 f5 30. exf5 gxf5 31. Rxe5 Rxc2+ 32. 
Kb1 Rd4 33. R5e3 Rg2 34. Rxb3 Kg6 35. Rf1 Rg4 36. Rff3 h4 37. gxh4 Rxh4 38. 
Rb6+ Kg5 39. Rb5 Rf4 40. Rc3 Kg4 41. Rb8 Rf1+ 42. Ka2 Kf4 43. Rb4+ Ke5 44. a4 
f4 45. Rc5+ Kd6 46. Rf5 f3 47. Rb6+ Kc7 48. Rh6 Rd2 49. Rf7+ Rd7 50. Rxd7+ 
Kxd7 51. Rf6 Kc7 52. Kb3 f2 53. Ka2 Kb7 54. b4 Ka7 55. b5 Kb7 56. a5 Ka7 57. 
Rf7+ Kb8 58. a6 Rh1 59. Rxf2 1-0

[Event "Prime Bank FIDE Raing"]
[Site "Dhaka, Bangladesh"]
[Date "2010.12.20"]
[Round "3"]
[White "Muhammad Jamal Uddin"]
[Black "Khondakar Nazre Mowla"]
[Result "1-0"]
[WhiteElo "2123"]
[BlackElo "1869"]
[ECO "D02"]
[TimeControl "5400+30"]

1. d4 d5 2. Nf3 Nf6 3. c4 dxc4 4. Nc3 c6 5. a4 Bf5 6. Ne5 c5 7. e3 cxd4 8. 
Bxc4 e6 9. Bb5+ Nbd7 10. Qxd4 a6 11. Nxd7 Nxd7 12. Be2 Nf6 13. Bf3 Qc7 14. a5 
Rd8 15. Qa4+ Rd7 16. O-O Bd6 17. g3 O-O 18. Rd1 Rfd8 19. e4 Bg4 20. Bxg4 Nxg4 
21. Bg5 f6 22. Bd2 Bc5 23. Be1 Ne5 24. Kg2 Nd3 25. Qb3 Nxe1+ 26. Rxe1 Kf7 27. 
Na4 Qxa5 28. Rec1 Ba7 29. Nc5 Qb6 30. Qxb6 Bxb6 31. Nxd7 Rxd7 32. Rd1 Bd4 33. 
Ra4 e5 34. f4 Rc7 35. Rd2 Rc5 36. Ra3 Ke7 37. Kf3 Rb5 38. Rad3 a5 39. Rc2 Kd7 
40. b3 Rb4 41. fxe5 fxe5 42. Rc5 Ke6 43. Rxa5 b6 44. Ra7 Kf6 45. Rc7 Rb5 46. 
g4 Rc5 47. Rxc5 bxc5 48. h4 Ke6 49. Rd2 1-0

[Event "Prime Bank FIDE Rating"]
[Site "Dhaka, Bangladesh"]
[Date "2010.12.21"]
[Round "4"]
[White "Khondakar Nazre Mowla"]
[Black "SK Rashedul Hasan"]
[Result "1-0"]
[WhiteElo "1869"]
[BlackElo "2006"]
[ECO "B96"]
[TimeControl "5400+30"]

1. e4 c5 2. Nf3 d6 3. d4 cxd4 4. Nxd4 Nf6 5. Nc3 a6 6. Bg5 e6 7. f4 Nbd7 8. 
Qd2 Qc7 9. O-O-O Be7 10. Be2 h6 11. Bxf6 Bxf6 12. Nb3 Be7 13. Kb1 b5 14. f5 
Nf6 15. fxe6 fxe6 16. Bf3 Bb7 17. Nd4 b4 18. Nxe6 Qd7 19. Nd5 Bxd5 20. exd5 
Kf7 21. Rhf1 Rhb8 22. g4 Kg8 23. g5 hxg5 24. Qxg5 Ne8 25. Qg6 Bf6 26. Be4 a5 
27. Qh5 g5 28. Qg6+ Kh8 29. Rf3 g4 30. Rf5 Bg7 31. Rf7 1-0

[Event "Prime Bank FIDE Rating"]
[Site "Dhaka, Bangladesh"]
[Date "2010.12.22"]
[Round "5"]
[White "Khondakar Nazre Mowla"]
[Black "Sabya Sachi"]
[Result "1-0"]
[WhiteElo "1869"]
[BlackElo "2010"]
[ECO "B08"]
[TimeControl "5400+30"]

1. e4 d6 2. d4 Nf6 3. Nc3 g6 4. Nf3 Bg7 5. Bc4 O-O 6. O-O a6 7. a4 Nc6 8. h3 
e5 9. dxe5 dxe5 10. Bg5 Qxd1 11. Raxd1 h6 12. Bh4 g5 13. Bg3 Nh5 14. Bh2 Re8 
15. Nd5 Be6 16. Be2 Bxd5 17. exd5 Nf4 18. Bxf4 exf4 19. dxc6 Rxe2 20. cxb7 
Rb8 21. Rd2 Rxd2 22. Nxd2 Rxb7 23. b3 Rb6 24. Rd1 Rd6 25. Kf1 Bc3 26. Ke2 f5 
27. Nb1 Rxd1 28. Kxd1 Bd4 29. Ke2 g4 30. f3 gxh3 31. gxh3 Kf7 32. c3 Be3 33. 
Na3 Kf6 34. Nc2 Bc5 35. Ne1 Kg5 36. Ng2 Bd6 37. Kd3 Kf6 38. Kc4 Ke6 39. b4 
Be5 40. Nh4 Bd6 41. a5 c6 42. Kd4 Kf6 43. Ng2 Kg5 44. Kc4 Kf6 45. Kb3 Ke5 46. 
Nh4 Kf6 47. c4 Ke6 48. Ka4 Bb8 49. b5 cxb5+ 50. cxb5 axb5+ 51. Kxb5 Ke5 52. 
Kc6 Ba7 53. a6 Bf2 54. Kb7 Bxh4 55. a7 Kd4 56. a8=Q Ke3 57. Kc7 Kf2 58. Kd6 
Kg3 59. Qa2 Kxh3 1-0

[Event "Prime Bank FIDE Rating"]
[Site "Dhaka, Bangladesh"]
[Date "2010.12.23"]
[Round "6"]
[White "Farhadur Imam"]
[Black "Khondakar Nazre Mowla"]
[Result "1-0"]
[WhiteElo "2117"]
[BlackElo "1869"]
[ECO "C45"]
[TimeControl "5400+30"]

1. e4 e5 2. Nf3 Nc6 3. d4 exd4 4. Nxd4 Bc5 5. Nxc6 Qf6 6. Qd2 dxc6 7. Bd3 Ne7 
8. Nc3 Bd4 9. O-O Ng6 10. Na4 a6 11. Qb4 Qd6 12. Qe1 Ne5 13. Be2 Bg4 14. Bf4 
Bxe2 15. Qxe2 O-O-O 16. Rad1 Qe6 17. c3 Ba7 18. b3 f6 19. Kh1 Rxd1 20. Rxd1 
Rd8 21. Rxd8+ Kxd8 22. Bxe5 Qxe5 23. Qd3+ Qd6 24. Qxd6+ cxd6 25. f4 Ke7 26. 
g4 Be3 27. f5 d5 28. exd5 cxd5 29. Kg2 g6 30. Kf3 Bg1 31. fxg6 hxg6 32. h4 g5 
33. h5 Ke6 34. Nb2 f5 35. h6 fxg4+ 36. Kxg4 Kf6 37. h7 Kg7 38. Kxg5 b5 39. 
Kf5 d4 40. c4 bxc4 41. bxc4 Kxh7 42. c5 Kg7 43. c6 Bh2 44. Ke6 Kg6 45. Kd7 
Kf5 46. c7 Bxc7 47. Kxc7 1-0

[Event "Prime Bank FIDE Rating"]
[Site "Dhaka, Bangladesh"]
[Date "2010.12.24"]
[Round "7"]
[White "Khondakar Nazre Mowla"]
[Black "Hanif Mollah"]
[Result "1-0"]
[WhiteElo "1869"]
[BlackElo "1961"]
[ECO "C42"]
[TimeControl "5400+30"]

1. e4 e5 2. Nf3 Nf6 3. Nxe5 d6 4. Nf3 Nxe4 5. d4 d5 6. Bd3 Be7 7. O-O Nc6 8. 
c4 O-O 9. Nc3 Nf6 10. h3 Nb4 11. Be2 Bf5 12. a3 Nc6 13. Bg5 dxc4 14. Bxc4 h6 
15. Bf4 a6 16. Ba2 b5 17. b4 Bd6 18. Ne5 Ne7 19. Qf3 Be6 20. d5 Bxe5 21. dxe6 
Bxf4 22. exf7+ Kh8 23. Qxf4 Nc8 24. Rad1 Nd6 25. Nd5 Nxf7 26. Nxc7 Qb8 27. 
Ne6 Qxf4 28. Nxf4 Ne5 29. Rfe1 Nfd7 30. Ne6 Rf6 31. f4 1-0

[Event "Prime Bank FIDE Rating"]
[Site "Dhaka, Bangladesh"]
[Date "2010.12.25"]
[Round "8"]
[White "Arman Monir"]
[Black "Khondakar Nazre Mowla"]
[Result "1/2-1/2"]
[WhiteElo "2137"]
[BlackElo "1869"]
[ECO "C21"]
[TimeControl "5400+30"]

1. e4 e5 2. d4 exd4 3. Nf3 Nc6 4. Bc4 Nf6 5. e5 d5 6. Bb5 Ne4 7. Nxd4 Bd7 8. 
Bxc6 bxc6 9. O-O Bc5 10. f3 Ng5 11. f4 Ne4 12. c3 O-O 13. Be3 f6 14. Nd2 Nxd2 
15. Qxd2 fxe5 16. fxe5 Qe7 17. Nc2 Bb6 18. Rxf8+ Rxf8 19. Re1 Rf5 20. Bxb6 
cxb6 21. e6 Be8 22. b4 Qf6 23. Qd4 Qxd4+ 24. Nxd4 Rf6 25. Re5 g6 26. h4 Kf8 
27. b5 cxb5 28. Rxd5 Ke7 29. Re5 Kd6 30. Re3 Kd5 31. a3 a5 32. e7 b4 33. axb4 
axb4 34. Nb3 bxc3 35. Rxc3 Kd6 36. Nd2 Kxe7 37. Nc4 b5 38. Ne3 Bc6 39. Nc2 h5 
40. Nd4 Bd7 41. Rb3 Rf4 42. Nxb5 Bxb5 43. Rxb5 Rxh4 44. Rb6 Kf7 45. Kf2 Kg7 
46. Kg3 Ra4 47. Kh3 Kh6 48. Rc6 Kg5 49. Rc5+ 1/2-1/2

[Event "Prime Bank FIDE Rating"]
[Site "Dhaka, Bangladesh"]
[Date "2010.12.27"]
[Round "9"]
[White "Khondakar Nazre Mowla"]
[Black "Nahid Parvej Sagar"]
[Result "1-0"]
[WhiteElo "1869"]
[BlackElo "2044"]
[ECO "B43"]
[TimeControl "5400+30"]

1. e4 c5 2. Nf3 e6 3. d4 cxd4 4. Nxd4 a6 5. Nc3 b5 6. a3 Bb7 7. Be2 Nf6 8. 
Bf3 Qc7 9. O-O Nc6 10. Nxc6 Bxc6 11. Re1 d6 12. Nd5 Qb7 13. Bg5 Nd7 14. Nb4 
Ne5 15. Nxc6 Qxc6 16. Be2 h6 17. Bf4 Ng6 18. Bg3 Be7 19. c3 Rd8 20. a4 O-O 
21. axb5 axb5 22. Qd3 Rb8 23. b4 Rfc8 24. Rec1 Bg5 25. Rc2 Bf4 26. Ra5 Ne5 
27. Qd4 Bxg3 28. hxg3 Rc7 29. f3 Rcb7 30. Kf2 Kf8 31. Rd2 Rd8 32. f4 Nc4 33. 
Bxc4 bxc4 34. Rda2 f6 35. Ra6 Qc7 36. Rd2 Ke7 37. f5 Qd7 38. g4 Rc7 39. Kf3 
h5 40. gxh5 exf5 41. Qd5 fxe4+ 42. Qxe4+ Kf8 43. Qd5 Qc8 44. Rxd6 Re8 45. Rd8 
Rxd8 46. Qxd8+ Qxd8 47. Rxd8+ Ke7 48. Rd4 Ke6 49. Kf4 Rc6 50. g4 Rc8 51. Re4+ 
Kd5 52. Re7 Rg8 53. Rd7+ Ke6 54. Rc7 Kd5 55. Rc5+ Kd6 56. Rxc4 g6 57. hxg6 
Rxg6 58. Rd4+ 1-0

[Event "10th Adyar Times"]
[Site "Chennai, India"]
[Date "2010.08.08"]
[Round "1"]
[White "Prakruthee A"]
[Black "Khondakar Nazre Mowla"]
[Result "1/2-1/2"]
[WhiteElo "1416"]
[BlackElo "1914"]
[ECO "D27"]
[TimeControl "5400+30"]

1. d4 d5 2. c4 dxc4 3. Nf3 Nf6 4. e3 e6 5. Bxc4 c5 6. O-O a6 7. a4 Nc6 8. Qe2 
cxd4 9. exd4 Nxd4 10. Nxd4 Qxd4 11. Rd1 Qe4 12. Be3 Be7 13. Nc3 Qh4 14. Rd4 
Qh5 15. Qd2 Bd7 16. Bg5 Bc6 17. Rh4 Qg6 18. Bd3 Ne4 19. Nxe4 Bxe4 20. Bxe4 
Qxg5 21. Qxg5 Bxg5 22. Bxb7 Bxh4 23. Bxa8 Ke7 24. Bb7 a5 25. Rb1 Rb8 26. Bc6 
Rb3 27. Kf1 Bf6 28. Ke2 Rxb2+ 29. Rxb2 Bxb2 30. Kd3 Kd6 31. Bb5 e5 32. Ke4 g6 
33. g4 1/2-1/2

[Event "10th Adyar Times"]
[Site "Chennai, India"]
[Date "2010.08.09"]
[Round "2"]
[White "Khondakar Nazre Mowla"]
[Black "Vignesh V"]
[Result "1-0"]
[WhiteElo "1914"]
[BlackElo "1582"]
[ECO "B98"]
[TimeControl "5400+30"]

1. e4 c5 2. Nf3 d6 3. d4 cxd4 4. Nxd4 Nf6 5. Nc3 a6 6. Bg5 e6 7. f4 Be7 8. 
Qf3 Qc7 9. O-O-O Nc6 10. Bc4 Bd7 11. Rhe1 Nxd4 12. Rxd4 e5 13. fxe5 dxe5 14. 
Rxd7 Qxd7 15. Bxf6 Bxf6 16. Nd5 Qc6 17. Bb3 O-O 18. Rf1 Bg5+ 19. Kb1 Rac8 20. 
g3 a5 21. a4 b5 22. h4 Bd8 23. Qf5 bxa4 24. Bxa4 Qxa4 25. Qxc8 Qxe4 26. Rd1 
Bxh4 27. Qb7 Qg4 28. Rg1 Qd4 29. Rg2 Bg5 30. Nc3 f5 31. Nb5 Qc5 32. Nc7 Qe7 
33. Qb3+ Kh8 34. Ne6 Re8 35. Nxg5 Qxg5 36. Qb5 Qd8 37. Rd2 Qa8 38. Rd6 g6 39. 
Rd7 Qc8 40. Qd5 Qa8 41. Qf7 Qh1+ 42. Ka2 Rg8 43. Qf6+ Rg7 44. Qxg7# 1-0

[Event "10th Adyar Times"]
[Site "Chennai, India"]
[Date "2010.08.09"]
[Round "3"]
[White "Priya Vss"]
[Black "Khondakar Nazre Mowla"]
[Result "1/2-1/2"]
[WhiteElo "1709"]
[BlackElo "1914"]
[ECO "D02"]
[TimeControl "5400+30"]

1. d4 d5 2. Nf3 Nf6 3. Bf4 e6 4. e3 c5 5. c3 Nc6 6. Nbd2 cxd4 7. exd4 Bd6 8. 
Bg3 Qc7 9. Be2 O-O 10. Bxd6 Qxd6 11. O-O Re8 12. Bd3 e5 13. dxe5 Nxe5 14. 
Nxe5 Qxe5 15. Nf3 Qc7 16. Qc2 h6 17. Rad1 Bg4 18. Be2 Qe7 19. Rfe1 Bxf3 20. 
gxf3 Qe5 21. Qd2 Qc7 22. Kh1 Re5 23. Rg1 Kf8 24. Qf4 Nh5 25. Qb4+ Qe7 26. 
Qxe7+ Kxe7 27. Rge1 Nf4 28. Bf1 f6 29. Bb5 a6 30. Ba4 b5 31. Bb3 Rd8 32. Kg1 
d4 33. cxd4 Ne2+ 34. Kf1 Nxd4 35. f4 Rxe1+ 36. Rxe1+ Kf8 37. Rd1 Ke7 38. Re1+ 
Kf8 39. Rd1 1/2-1/2

[Event "10th Adyar Times"]
[Site "Chennai, India"]
[Date "2010.08.10"]
[Round "5"]
[White "Khondakar Nazre Mowla"]
[Black "M. Madhan Babu"]
[Result "1/2-1/2"]
[WhiteElo "1914"]
[BlackElo "1509"]
[ECO "B40"]
[TimeControl "5400+30"]

1. e4 c5 2. Nf3 e6 3. d4 cxd4 4. Nxd4 Nf6 5. Nc3 d6 6. Be2 Be7 7. O-O a6 8. 
Be3 Qc7 9. Nb3 b5 10. a3 Nbd7 11. f4 Bb7 12. Bf3 Rc8 13. Qe2 Nc5 14. Nxc5 
dxc5 15. e5 Nd5 16. Nxd5 Bxd5 17. Rad1 Bxf3 18. Qxf3 O-O 19. c3 Rfd8 20. 
Rxd8+ Rxd8 21. Rd1 h6 22. Rxd8+ Qxd8 23. Qe2 c4 24. Qd2 1/2-1/2

[Event "10th Adyar Times"]
[Site "Chennai, India"]
[Date "2010.08.11"]
[Round "6"]
[White "Khondakar Nazre Mowla"]
[Black "Lakshmi Narayanan Mv"]
[Result "0-1"]
[WhiteElo "1914"]
[BlackElo "2166"]
[ECO "B06"]
[TimeControl "5400+30"]

1. e4 g6 2. d4 Bg7 3. Nf3 c5 4. c3 cxd4 5. cxd4 d5 6. Nc3 dxe4 7. Nxe4 Nh6 8. 
Bb5+ Bd7 9. Bxd7+ Nxd7 10. O-O O-O 11. Be3 Nf5 12. Qd2 Nf6 13. Nxf6+ Bxf6 14. 
Rac1 Qd5 15. b3 Rac8 16. Rfd1 Rfd8 17. Rxc8 Rxc8 18. h3 b6 19. Bf4 Qe4 20. 
Re1 Qc2 21. Re2 Qc3 22. Qxc3 Rxc3 23. Be5 Kg7 24. Rd2 Nd6 25. Re2 Rc1+ 26. 
Kh2 Nb5 27. g4 h6 28. h4 e6 29. g5 Bxe5+ 30. dxe5 hxg5 31. hxg5 Nc3 32. Rb2 
Ra1 33. a4 Ne4 34. Kg2 Rd1 35. Re2 Nc5 36. Rd2 Rb1 37. Nd4 Nxb3 38. Nxb3 Rxb3 
39. Rd4 Rc3 40. Kf1 Rc5 41. f4 Kf8 42. Ke2 Ke7 43. Ke3 Rd5 44. Rc4 Kd7 45. 
Ke4 Rc5 46. Rd4+ Kc7 47. Kf3 a6 48. Ke3 b5 49. axb5 axb5 0-1

[Event "10th Adyar Times"]
[Site "Chennai, India"]
[Date "2010.08.12"]
[Round "7"]
[White "Nanduza R"]
[Black "Khondakar Nazre Mowla"]
[Result "1/2-1/2"]
[WhiteElo "1727"]
[BlackElo "1914"]
[ECO "D20"]
[TimeControl "5400+30"]

1. d4 d5 2. c4 dxc4 3. e3 e6 4. Bxc4 Nf6 5. Nf3 c5 6. Nc3 a6 7. a4 Nc6 8. O-O 
cxd4 9. Nxd4 Nxd4 10. Qxd4 Qxd4 11. exd4 Bd7 12. d5 Bb4 13. dxe6 Bxe6 14. 
Bxe6 fxe6 15. Na2 Bc5 16. Bf4 Kf7 17. Rac1 Rac8 18. h3 Be7 19. Rfd1 Nd5 20. 
Bg3 Rhd8 21. Rd3 Rxc1+ 22. Nxc1 Nb4 23. Rxd8 Bxd8 24. Bd6 Nc6 25. Nd3 b5 26. 
axb5 axb5 27. Kf1 Bf6 28. Ke1 e5 29. Nc5 Be7 30. Bxe7 Kxe7 31. Kd2 Kd6 32. 
Nd3 Kd5 33. Kc3 1/2-1/2

[Event "10th Adyar Times"]
[Site "Chennai, India"]
[Date "2010.08.12"]
[Round "8"]
[White "Khondakar Nazre Mowla"]
[Black "Pranavananda V"]
[Result "0-1"]
[WhiteElo "1914"]
[BlackElo "1644"]
[ECO "B44"]
[TimeControl "5400+30"]

1. e4 c5 2. Nf3 e6 3. d4 cxd4 4. Nxd4 Nc6 5. Nb5 Nf6 6. N1c3 Bb4 7. a3 Bxc3+ 
8. Nxc3 d5 9. exd5 exd5 10. Bd3 d4 11. Ne4 Nxe4 12. Bxe4 Bf5 13. Bxf5 Qa5+ 
14. Bd2 Qxf5 15. Qe2+ Qe6 16. Qxe6+ fxe6 17. f4 O-O 18. g3 Rac8 19. Ke2 e5 
20. Kd3 Rfe8 21. Rae1 Re6 22. Re4 Rce8 23. Rhe1 Kf7 24. c3 dxc3 25. Bxc3 exf4 
26. Rxf4+ Kg8 27. Rxe6 Rxe6 28. Re4 Nd8 29. Rd4 Nf7 30. Rd7 Rd6+ 31. Rxd6 
Nxd6 32. Kd4 Kf7 33. Kd5 Nc8 34. a4 Nb6+ 35. Kd6 Nxa4 36. Bd4 b6 37. b3 Nc5 
38. Bxc5 bxc5 39. Kxc5 Ke6 40. b4 Ke5 41. b5 g6 42. h3 g5 43. g4 h6 44. Kc4 
Ke4 45. Kc5 Kd3 46. Kb4 Kd4 47. Kb3 Kc5 48. Ka4 Kc4 49. Ka5 Kb3 50. b6 axb6+ 
51. Kxb6 Kc4 52. Kc6 Kd4 0-1

[Event "10th Adyar Times"]
[Site "Chennai, India"]
[Date "2010.08.13"]
[Round "9"]
[White "Vaishali R"]
[Black "Khondakar Nazre Mowla"]
[Result "1/2-1/2"]
[WhiteElo "1543"]
[BlackElo "1914"]
[ECO "C50"]
[TimeControl "5400+30"]

1. e4 e5 2. Nf3 Nc6 3. Bc4 Bc5 4. Nc3 Nf6 5. d3 O-O 6. Bg5 h6 7. Bh4 d6 8. 
Nd5 Be6 9. Bxf6 gxf6 10. Nh4 Bxd5 11. Bxd5 Ne7 12. Qh5 Kg7 13. O-O c6 14. Bb3 
d5 15. exd5 cxd5 16. Kh1 Qd6 17. f4 exf4 18. Qg4+ Kh7 19. Qxf4 Qxf4 20. Rxf4 
Ng6 21. Nxg6 fxg6 22. Bxd5 Rab8 23. Raf1 Kg7 24. Re4 Rfd8 25. Bb3 Re8 26. 
Rfe1 Rxe4 27. Rxe4 Rd8 28. g3 Rd7 29. Kg2 f5 30. Re6 Re7 31. Rxe7+ Bxe7 32. 
Kf3 Bc5 33. g4 fxg4+ 34. Kxg4 Kf6 35. h3 b6 36. Kf4 g5+ 37. Ke4 h5 38. d4 Bd6 
39. Kd5 Bf4 40. c4 Bc1 41. Bd1 g4 42. hxg4 hxg4 43. b4 g3 44. Bf3 Bb2 45. c5 
bxc5 46. bxc5 Ke7 47. c6 Kd8 48. Kc4 Kc7 49. d5 Ba3 50. Kb5 Bd6 51. a4 Be5 
52. a5 Bd6 53. Ka6 Bb4 54. Bg2 Bc3 55. Kb5 Be5 56. Ka6 Bc3 57. Kxa7 Bxa5 58. 
Ka6 Bb4 59. Kb5 Bd6 60. Kc4 Kc8 61. Kd3 Kc7 1/2-1/2

[Event "SK Narasimhan Memorial"]
[Site "Chennai, India"]
[Date "2010.08.14"]
[Round "1"]
[White "Keerthana Nagarajan"]
[Black "Khondakar Nazre Mowla"]
[Result "1/2-1/2"]
[WhiteElo "1445"]
[BlackElo "1914"]
[ECO "C54"]
[TimeControl "5400+30"]

1. e4 e5 2. Nf3 Nc6 3. Bc4 Bc5 4. c3 Nf6 5. d4 exd4 6. cxd4 Bb4+ 7. Bd2 Bxd2+ 
8. Nbxd2 d6 9. O-O O-O 10. Re1 Bg4 11. h3 Bh5 12. Qc2 Bxf3 13. Nxf3 d5 14. 
exd5 Nxd5 15. Re4 Nb6 16. Rh4 g6 17. Bb5 Ne7 18. Bd3 Ned5 19. Qd2 f6 20. Qh6 
Qd7 21. Re4 Qg7 22. Qxg7+ Kxg7 23. Rae1 1/2-1/2

[Event "SK Narasimhan Memorial"]
[Site "Chennai, India"]
[Date "2010.08.15"]
[Round "2"]
[White "Khondakar Nazre Mowla"]
[Black "Murugesh S"]
[Result "1-0"]
[WhiteElo "1914"]
[BlackElo "1416"]
[ECO "C62"]
[TimeControl "5400+30"]

1. e4 e5 2. Nf3 Nc6 3. Bb5 d6 4. d4 exd4 5. Nxd4 Bd7 6. Nc3 Be7 7. O-O Nf6 8. 
Re1 O-O 9. Bf4 h6 10. h3 Nxd4 11. Qxd4 Be6 12. Nd5 Nxd5 13. exd5 Bf6 14. Qe4 
Bd7 15. Bd3 g6 16. Bxh6 Re8 17. Qb4 Rb8 18. Rxe8+ Qxe8 19. Re1 Qd8 20. c4 Be5 
21. Qd2 Qh4 22. Bg5 Qh8 23. Re2 Bxh3 24. gxh3 Qxh3 25. Rxe5 dxe5 26. Qe3 Qxe3 
27. fxe3 Kg7 28. e4 f6 29. Be3 a6 30. c5 Rd8 31. b4 Kf7 32. a4 Ke7 33. Kg2 f5 
34. Bg5+ Kd7 35. Bxd8 Kxd8 36. exf5 gxf5 37. Bxf5 b6 38. Kf3 Ke7 39. Ke4 a5 
40. cxb6 cxb6 41. bxa5 bxa5 42. Kxe5 1-0

[Event "First Division Chess League"]
[Site "Dhaka, Bangladesh"]
[Date "2010.10.20"]
[Round "1"]
[White "Muhammad Shahnaz Faruque"]
[Black "Khondakar Nazre Mowla"]
[Result "1/2-1/2"]
[WhiteElo "1909"]
[BlackElo "1869"]
[ECO "D26"]
[TimeControl "5400+30"]

1. d4 d5 2. c4 dxc4 3. Nf3 Nf6 4. e3 e6 5. Bxc4 c5 6. Nc3 a6 7. a4 Nc6 8. O-O 
cxd4 9. exd4 Be7 10. d5 exd5 11. Nxd5 Nxd5 12. Bxd5 Nb4 13. Bb3 O-O 14. Qxd8 
Rxd8 15. Bg5 Bxg5 16. Nxg5 Rf8 17. Rfe1 Bf5 18. Re7 Bg6 19. Rxb7 a5 20. Bc4 
h6 21. Nh3 Rab8 22. Rxb8 Rxb8 23. Nf4 Bf5 24. b3 g5 25. Nd5 Nxd5 26. Bxd5 Be6 
27. Bxe6 fxe6 28. Rb1 Kf7 29. Kf1 Kf6 30. Ke2 Ke5 31. Kd3 Kd5 32. Kc3 Rc8+ 
33. Kb2 e5 34. Rd1+ Ke6 35. Rd3 g4 36. Rc3 Rf8 37. f3 gxf3 38. Rxf3 Rg8 39. 
g3 e4 40. Rc3 Kd5 41. Kc2 Rf8 42. Kd2 Rf2+ 43. Ke3 Rf3+ 44. Kd2 Rf2+ 45. Ke3 
Rf3+ 46. Kd2 1/2-1/2

[Event "First Division Chess League"]
[Site "Dhaka, Bangladesh"]
[Date "2010.10.23"]
[Round "4"]
[White "Khondakar Nazre Mowla"]
[Black "Muhammad Sagar"]
[Result "1-0"]
[WhiteElo "1869"]
[BlackElo "2011"]
[ECO "B56"]
[TimeControl "5400+30"]

1. e4 c5 2. Nf3 d6 3. d4 cxd4 4. Nxd4 Nf6 5. Nc3 Nc6 6. Be2 e6 7. O-O Be7 8. 
Be3 O-O 9. Nb3 a6 10. a4 b6 11. f4 Bb7 12. Bf3 Qc7 13. Qe2 Nb4 14. Qf2 Nd7 
15. Rad1 Rfd8 16. Rd2 Nc5 17. Nxc5 dxc5 18. Rfd1 Nc6 19. e5 Na5 20. b3 Nc6 
21. Ne4 Nb4 22. c4 Bc6 23. Nc3 f6 24. exf6 Bxf6 25. Ne4 Be7 26. a5 Rxd2 27. 
Rxd2 Bxe4 28. Bxe4 Rb8 29. axb6 Rxb6 30. Qe2 g6 31. Qd1 Bd6 32. h4 Qe7 33. h5 
Qh4 34. hxg6 hxg6 35. Qf1 Qg3 36. Qf2 Qxf2+ 37. Kxf2 Bf8 38. Bxg6 Nc6 39. Bc2 
Nd4 40. Bxd4 cxd4 41. Kf3 Bc5 42. Ke4 Kf7 43. g4 Rb8 44. Rh2 Rg8 45. Rh7+ Rg7 
46. Rxg7+ Kxg7 47. Ke5 Kf7 48. g5 Ke7 49. f5 exf5 50. Kxf5 Kd7 51. Kf6 Be7+ 
52. Kf5 Kc6 53. g6 Bf8 54. Kf6 Kc5 55. g7 Bxg7+ 56. Kxg7 Kb4 57. Bd1 d3 58. 
Kf6 a5 59. Ke5 Kc3 60. c5 Kd2 61. Bg4 Kc3 62. c6 Kxb3 63. c7 a4 64. c8=Q a3 
65. Qc1 1-0

[Event "First Division Chess League"]
[Site "Dhaka, Bangladesh"]
[Date "2010.10.24"]
[Round "5"]
[White "Shamsul Haque"]
[Black "Khondakar Nazre Mowla"]
[Result "1-0"]
[WhiteElo "1934"]
[BlackElo "1869"]
[ECO "C50"]
[TimeControl "5400+30"]

1. e4 e5 2. Nf3 Nc6 3. Bc4 Bc5 4. O-O Nf6 5. Re1 O-O 6. c3 d6 7. h3 Na5 8. 
Bf1 Nc6 9. a4 a5 10. d4 exd4 11. cxd4 Bb4 12. Nc3 h6 13. Bd3 Re8 14. Bf4 Nh5 
15. Bh2 g6 16. Rc1 Kg7 17. e5 dxe5 18. dxe5 Kh7 19. Re3 Bxc3 20. bxc3 Ng7 21. 
Qb3 Ne6 22. Rd1 Qe7 23. Bc2 Rd8 24. Rde1 Rb8 25. h4 Kg7 26. Bg3 b6 27. Bb1 
Nc5 28. Qc4 Be6 29. Qf4 Bd5 30. Qf6+ Qxf6 31. exf6+ Kxf6 32. Bxc7 Rdc8 33. 
Bxb8 Rxb8 34. Bc2 Bb3 35. Bxb3 Nxb3 36. Rd1 Rc8 37. Rd6+ Kg7 38. Nd4 Ncxd4 
39. cxd4 Nd2 40. Re7 Nc4 41. Rdd7 Rf8 42. d5 Nb2 43. Re4 Nd3 44. Rde7 Rd8 45. 
Rd4 Nb4 46. Rf4 Nxd5 47. Rfxf7+ Kg8 48. Rb7 Rd6 49. Rfd7 Rxd7 50. Rxd7 Nc3 
51. Rd6 Kf7 52. Rxb6 Nxa4 53. Ra6 Nc5 54. Rxa5 Ne6 55. g4 g5 56. h5 Nf4 57. 
Ra6 Kg7 58. Kf1 1-0

[Event "First Division Chess League"]
[Site "Dhaka, Bangladesh"]
[Date "2010.10.25"]
[Round "6"]
[White "Khondakar Nazre Mowla"]
[Black "Muhammad Mainuddin"]
[Result "1-0"]
[WhiteElo "1869"]
[BlackElo "1974"]
[ECO "C14"]
[TimeControl "5400+30"]

1. e4 e6 2. d4 d5 3. Nc3 Nf6 4. Bg5 Be7 5. e5 Nfd7 6. Bxe7 Qxe7 7. f4 a6 8. 
Nf3 c5 9. dxc5 Qxc5 10. Qd4 Qc7 11. Bd3 Nc6 12. Qf2 Qb6 13. Qxb6 Nxb6 14. a3 
Na5 15. b3 Bd7 16. Ne2 Rc8 17. Ned4 O-O 18. Kd2 Rc7 19. Raf1 Nc6 20. g4 Re8 
21. g5 Nc8 22. h4 N8e7 23. h5 Nf5 24. Nxf5 exf5 25. Rfg1 Rec8 26. Rg3 Be6 27. 
Rhg1 g6 28. hxg6 fxg6 29. Rh1 Kg7 30. Rgh3 Bg8 31. Ke3 Kf8 32. R1h2 b5 33. 
Nd4 Nxd4 34. Kxd4 Ke7 35. Rd2 a5 36. Bxb5 Rxc2 37. Rxc2 Rxc2 38. Rc3 Rxc3 39. 
Kxc3 Kd8 40. Kd4 Kc7 41. Kc5 Be6 42. b4 axb4 43. axb4 Bf7 44. Ba4 Kb7 45. Bb3 
1-0

[Event "First Division Chess League"]
[Site "Dhaka, Bangladesh"]
[Date "2010.10.26"]
[Round "7"]
[White "Syed Mahfuzur Rahman"]
[Black "Khondakar Nazre Mowla"]
[Result "1-0"]
[WhiteElo "2255"]
[BlackElo "1869"]
[ECO "C88"]
[TimeControl "5400+30"]

1. e4 e5 2. Nf3 Nc6 3. Bb5 a6 4. Ba4 Nf6 5. O-O Be7 6. Re1 b5 7. Bb3 d6 8. c3 
O-O 9. h3 Na5 10. Bc2 c5 11. d4 Qc7 12. Nbd2 cxd4 13. cxd4 Nc6 14. d5 Nb4 15. 
Bb1 a5 16. a3 Na6 17. b4 Bd7 18. Qb3 Rfc8 19. Bb2 Qb6 20. Bd3 g6 21. Nf1 axb4 
22. axb4 Nc7 23. Ne3 Rxa1 24. Rxa1 Ra8 25. Re1 Rb8 26. Nc2 Nh5 27. Bc1 Kg7 
28. Be3 Qb7 29. g4 Nf6 30. Nd2 h5 31. g5 Nh7 32. h4 f6 33. gxf6+ Bxf6 34. Nf3 
Bg4 35. Ng5 Nxg5 36. hxg5 Be7 37. Ra1 Ra8 38. Rxa8 Nxa8 39. Qc3 Qc7 40. Qc6 
Qd8 41. Qb7 Kg8 42. Bxb5 Bxg5 43. Bxg5 Qxg5 44. Qxa8+ Bc8+ 45. Kf1 Qc1+ 46. 
Ne1 1-0

[Event "First Division Chess league"]
[Site "Dhaka, Bangladesh"]
[Date "2010.10.27"]
[Round "8"]
[White "Anisuzzaman Jewel"]
[Black "Khondakar Nazre Mowla"]
[Result "1-0"]
[WhiteElo "2138"]
[BlackElo "1869"]
[ECO "C23"]
[TimeControl "5400+30"]

1. e4 e5 2. Bc4 Bc5 3. Nf3 d6 4. d3 Nf6 5. h3 O-O 6. O-O c6 7. Nc3 d5 8. Bb3 
d4 9. Ne2 Bd6 10. c3 c5 11. Ng3 h6 12. Nh4 Kh7 13. Nhf5 Bc7 14. Bd2 Nc6 15. 
Qc1 Ne7 16. cxd4 Nxf5 17. Nxf5 Bxf5 18. dxe5 Bxe5 19. exf5 Qxd3 20. Qxc5 Bxb2 
21. Rad1 Ne4 22. Qd5 Qxd5 23. Bxd5 Nxd2 24. Rxd2 Rad8 25. Rfd1 Bc3 26. Rd3 
Ba5 27. Bxb7 Rxd3 28. Rxd3 Rd8 29. Bd5 f6 30. g4 Bb6 31. Kg2 Rc8 32. Bb3 Rd8 
33. Bd5 Rc8 34. Rd2 Rd8 35. Kf3 Rc8 36. Ke4 Rd8 37. f4 Re8+ 38. Be6 Rd8 39. 
Rc2 Rd4+ 40. Kf3 Rd3+ 41. Kg2 Rd4 42. Rc8 Rd8 43. Rc2 Rd4 44. Kf3 Rd3+ 45. 
Ke2 Rd4 46. Kf3 Rd3+ 47. Ke2 Rd4 48. h4 Re4+ 49. Kf3 Re3+ 50. Kg2 Rd3 51. g5 
Rd4 52. Bf7 Rd7 53. Be6 Rd8 54. Kf3 Rd3+ 55. Kg4 Rd1 56. Bf7 Rd6 57. Kh5 Rd7 
58. Bg6+ Kh8 59. Re2 Rd8 60. Re7 hxg5 61. hxg5 Kg8 62. Rb7 Bd4 63. Bf7+ Kf8 
64. Kg6 fxg5 65. fxg5 Rd6+ 66. Be6 Rd8 67. Rf7+ Ke8 68. Kh7 Rb8 69. Kg8 Rb1 
70. Rd7 1-0

[Event "First Division Chess League"]
[Site "Dhaka, Bangladesh"]
[Date "2010.10.28"]
[Round "9"]
[White "Khondakar Nazre Mowla"]
[Black "Muhammad Mujibur Rahman"]
[Result "0-1"]
[WhiteElo "1869"]
[BlackElo "1999"]
[ECO "C14"]
[TimeControl "5400+30"]

1. e4 e6 2. d4 d5 3. Nc3 Nf6 4. Bg5 Be7 5. e5 Nfd7 6. Bxe7 Qxe7 7. f4 a6 8. 
Qd2 c5 9. Nf3 Nc6 10. dxc5 Qxc5 11. O-O-O b5 12. Nd4 Bb7 13. Nb3 Qe7 14. Rg1 
O-O 15. Bd3 Rfc8 16. Kb1 Nb6 17. Qf2 Nc4 18. Nc5 Nb4 19. Nxb7 Qxb7 20. a3 
Nxd3 21. cxd3 Nxa3+ 22. Ka2 b4 23. Na4 Qb5 24. Nb6 Rc2 25. Qd4 Rb8 26. Kb3 
Rxb6 27. Rc1 Rbc6 28. Rcd1 a5 29. Qa7 h6 30. h4 R6c3+ 31. Ka2 Qa4 0-1